Map: Altitude LE

Players

NoobToss

  • Race: Terran Terran
  • League: Platinum
  • Spawn Location: 7:00

Herule (Snute) - Winner!

  • Race: Terran Terran
  • League: Diamond
  • Spawn Location: 1:00

VOD

Have the link to the VOD?

Description

Time

  • Played on: March 20, 2023, 3:12 p.m.
  • Length: 8:29
Show
View Real Time Build Order
Export as new Build Order

NoobToss Terran 

Build Orders: Reaper Expand 

Get SALT Encoding   

  12  0:00  SCV  
  13  0:12  SCV  
  14  0:18  Supply Depot  
  14  0:24  SCV  
  15  0:39  SCV  
  15  0:41  Barracks  
  16  0:47  Refinery  
  16  0:53  SCV  
  17  1:05  SCV  
  18  1:21  SCV  
  19  1:34  Orbital Command  
  19  1:35  Reaper  
  20  1:51  Refinery  
  20  1:54  Command Center  
  20  2:01  SCV  
  21  2:14  Supply Depot  
  21  2:20  SCV, Factory  
  22  2:34  SCV  
  23  2:44  Barracks Tech Lab  
  23  2:46  SCV  
  25  2:58  SCV  
  25  3:10  SCV, Supply Depot  
  27  3:16  Barracks Tech Lab  
  27  3:17  Orbital Command  
  26  3:23  Siege Tank  
  26  3:26  SCV  
  30  3:38  SCV  
  31  3:42  Supply Depot  
  31  3:45  Marauder  
  33  3:50  SCV x2, Factory  
  35  3:57  Siege Tank  
  38  4:05  Bunker  
  38  4:08  Marauder  
  40  4:10  SCV  
  41  4:18  SCV  
  42  4:27  SCV  
  42  4:29  Siege Tank  
  42  4:30  SCV, Supply Depot  
  42  4:31  Supply Depot  
  47  4:41  SCV  
  47  4:42  SCV  
  49  4:53  SCV  
  49  4:54  SCV, Factory Tech Lab  
  51  5:01  Orbital Command  
  51  5:05  SCV  
  52  5:13  Siege Tank  
  55  5:20  SCV  
  59  5:29  Cyclone  
  59  5:32  SCV  
  60  5:37  Marine  
  61  5:53  SCV x2  
  61  5:55  Marine  
  64  6:18  SCV x2  
  63  6:23  Starport  
  63  6:27  Siege Tank  
  63  6:28  Siege Tank  
  63  6:30  SCV x2  
  53  7:14  Marine  
  50  7:16  Siege Tank  
  56  7:23  Supply Depot  
  56  7:24  Supply Depot  
  56  7:32  Marine  
  54  7:48  Viking  
  54  7:50  Marine  
Show
View Real Time Build Order
Export as new Build Order

Herule Terran - Winner!

Build Orders:  

Get SALT Encoding   

  12  0:00  SCV  
  13  0:12  SCV  
  14  0:18  Supply Depot  
  14  0:24  SCV  
  15  0:40  SCV  
  15  0:42  Barracks  
  16  0:47  Refinery  
  16  0:52  SCV  
  17  0:57  Refinery  
  17  1:04  SCV  
  18  1:30  Orbital Command  
  18  1:32  Marine  
  19  1:44  Factory  
  19  1:50  Marine  
  20  1:56  Supply Depot  
  20  1:59  SCV  
  21  2:08  Marine  
  21  2:12  SCV  
  23  2:24  SCV  
  23  2:26  Marine  
  23  2:27  Factory Tech Lab  
  25  2:31  Starport  
  25  2:44  Marine  
  25  2:47  Siege Tank  
  25  2:48  SCV  
  30  2:53  Supply Depot  
  30  3:00  SCV  
  31  3:12  Starport Reactor  
  31  3:13  Marine  
  31  3:16  SCV  
  31  3:19  Supply Depot  
  32  3:20  Siege Tank  
  35  3:30  SCV, Marine  
  37  3:48  Marine, Viking  
  37  3:54  Viking  
  37  3:55  Supply Depot  
  42  4:09  Command Center  
  42  4:18  Viking  
  44  4:31  Viking  
  46  4:45  Marine  
  40  4:53  Viking  
  42  5:03  Marine  
  42  5:04  Siege Tank  
  46  5:09  SCV  
  47  5:21  Marine, SCV  
  49  5:26  Orbital Command  
  49  5:33  SCV  
  50  5:38  Marine  
  46  5:50  Siege Tank  
  46  5:56  Marine  
  50  6:14  Marine  
  51  6:19  SCV x2  
  51  6:22  Widow Mine  
  51  6:24  Starport  
  55  6:28  Supply Depot  
  55  6:31  SCV x2  
  55  6:32  Marine  
  58  6:33  Refinery  
  58  6:40  Liberator  
  58  6:43  Siege Tank  
  64  6:50  Marine  
  59  6:55  Viking  
  61  7:07  Marine  
  55  7:17  Siege Tank  
  55  7:18  SCV x2  
  60  7:25  Marine, Supply Depot  
  61  7:30  SCV x2  
  61  7:36  Viking x2  
  67  7:42  SCV  
  67  7:43  Marine  
Tags
 
Matchup
TvT
Player
Snute
Race
Terran
Spawn Locations
Cross Positions
Add a new tag
Caveats
  • Supply blocks, unpowered buildings, or Contaminate may cause inaccurate times.
  • Supply counts are checked every 10 seconds.